 Dungeon Crawl Stone Soup version 0.27-a0-562-g0d39f094a4 (webtiles) character file.

Game seed: 5713401346147467865

128 wakim the Changer (level 5, -2/38 HPs)
             Began as a Merfolk Transmuter on Mar 8, 2021.
             Killed by divine providence
             ... invoked by an orc priest
              (11 damage)
             ... on level 3 of the Dungeon.
             The game lasted 00:14:30 (3912 turns).

wakim the Changer (Merfolk Transmuter)              Turns: 3912, Time: 00:14:31

Health: -2/38      AC:  7    Str: 10    XL:     5   Next: 11%
Magic:  8/8        EV: 11    Int: 13    God:
Gold:   91         SH:  0    Dex: 15    Spells: 7/8 levels left

rFire    . . .     SeeInvis .   a - +0 spear
rCold    . . .     Faith    .   (no shield)
rNeg     . . .     Spirit   .   i - +0 ring mail
rPois    .         Reflect  .   (no helmet)
rElec    .         Harm     .   (no cloak)
rCorr    .         Rampage  .   (no gloves)
Will     .....     Rnd*Tele +   (no boots)
Stlth    ++........             (no amulet)
HPRegen  0.12/turn              (no ring)
MPRegen  0.11/turn              (no ring)

@: lethally poisoned (-2 -> -29)
A: change form in water, amphibious, yellow scales 1, teleportitis 1, nimble
swimmer 2
a: no special abilities


You were on level 3 of the Dungeon.
You visited 1 branch of the dungeon, and saw 3 of its levels.

You collected 91 gold pieces.

Inventory:

Hand Weapons
 a - a +0 spear (weapon)
Armour
 i - a +0 ring mail (worn)
Scrolls
 b - a scroll of random uselessness {unknown}
 d - a scroll of teleportation
 e - 2 scrolls of amnesia {unknown}
 f - a scroll of identify {unknown}
 h - a scroll of magic mapping {unknown}
Potions
 c - a potion of haste {unknown}
 g - a potion of heal wounds {unknown}
 j - a potion of curing {unknown}


   Skills:
 - Level 2.0 Fighting
 + Level 2.8 Polearms
 - Level 2.6 Dodging
 - Level 3.0 Stealth
 - Level 3.2 Unarmed Combat
 - Level 2.0 Spellcasting
 - Level 4.5 Transmutations


You had 7 spell levels left.
You knew the following spells:

 Your Spells              Type           Power      Damage    Failure   Level
a - Beastly Appendage     Tmut           26%        N/A       11%         1

Your spell library contained the following spells:

 Spells                   Type           Power      Damage    Failure   Level
 Wereblood                Tmut           13%        N/A       16%         2
 Spider Form              Tmut/Pois      3%         N/A       61%         3
 Ice Form                 Ice/Tmut       7%         N/A       95%         4
 Blade Hands              Tmut           6%         N/A       96%         5


Dungeon Overview and Level Annotations

Branches:
Dungeon (3/15)

Altars:


Innate Abilities, Weirdness & Mutations

You revert to your normal form in water.
You are amphibious.
You are quick and stealthy while swimming. (Stealth+, EV+, Speed+++)
You are partially covered in yellow scales. (AC +2)
You are occasionally teleported next to monsters.


Message History

The orc priest moves out of view.
You hear a shout!
The orc shouts!
You barely miss the orc wizard.
You feel sick.
The orc wizard gestures at you while chanting.
The magic dart hits you.
You hit the orc wizard.
The orc wizard is moderately wounded.
You feel sick. The orc closely misses you. The orc hits you with a +0 club.
The orc wizard hits you with a +2 dagger of venom.
You are more poisoned.
You hit the orc.
The orc is moderately wounded.
You feel sick. The orc barely misses you.
The orc hits you from afar with a +0 trident.
The orc wizard hits you with a +2 dagger of venom.
You are lethally poisoned!
You closely miss the orc.
The orc is moderately wounded.
You feel sick.
The orc wizard hits you with a +2 dagger of venom.
You are more poisoned.
The orc closely misses you. The orc misses you.
You barely miss the orc.
The orc is moderately wounded.
You feel sick.
The orc wizard points at you and mumbles some strange words.
The magic dart hits you.
* * * LOW HITPOINT WARNING * * *
The orc misses you.
The orc hits you from afar with a +0 trident.
* * * LOW HITPOINT WARNING * * *
You barely miss the orc wizard.
The orc wizard is lightly wounded.
* * * LOW HITPOINT WARNING * * *
You feel very sick. The orc wizard closely misses you.
The orc priest calls down the wrath of Beogh upon you.
Beogh smites you!
You die...

#...# #.#
#.#................#
###)# #.#
#.#####.###..#######
#.###.# #.# #.# ...#
#.....# #.# #.# .#.#
#.##### #.### #.. ..
#.# #.... ... #..
#.#######.#o# ...
#........o#o#
#.#######.#@#
#.......o..o#
#.#######.### #.#
#.# ######.#######.#
............>..#
.###############


You could see an orc priest, an orc wizard and 2 orcs.

Vanquished Creatures
  An orc priest (D:3)
  5 adders (D:2)
  6 dart slugs
  A leopard gecko (D:3)
  2 giant cockroaches
  2 hobgoblins (D:1)
  2 jackals (D:1)
  14 bats
  4 frilled lizards
  3 goblins
  3 kobolds
  7 rats
50 creatures vanquished.

Notes
Turn   | Place    | Note
-------+----------+-------------------------------------------
     0 | D:1      | wakim the Merfolk Transmuter began the quest for the Orb.
     0 | D:1      | Reached XP level 1. HP: 15/15 MP: 3/3
   122 | D:1      | Reached skill level 3 in Transmutations
   213 | D:1      | Reached XP level 2. HP: 11/21 MP: 1/5
   710 | D:1      | Reached skill level 4 in Transmutations
  1198 | D:2      | Reached skill level 1 in Stealth
  1198 | D:2      | Reached XP level 3. HP: 12/26 MP: 6/6
  1471 | D:2      | Gained mutation: You are occasionally teleported next to
                  | monsters. [potion of mutation]
  1471 | D:2      | Gained mutation: You are partially covered in yellow
                  | scales. (AC +2) [potion of mutation]
  2511 | D:2      | Reached XP level 4. HP: 32/32 MP: 5/7
  3857 | D:3      | Reached XP level 5. HP: 38/38 MP: 6/8
  3912 | D:3      | Killed from afar by an orc priest

Illustrated notes

Levels and vault maps discovered:
D:1:      dpeg_arrival_tiny_c, layout_basic, minmay_curled_crystal
D:2:      layout_basic
D:3:      layout_loops_ring, old_standard_altar

Skill      XL: |  1  2  3  4 |
---------------+-------------+-----
Transmutations | 3 4 |  4.5
Stealth        | 1 2 3 |  3.0
Fighting       | 2 |  2.0
Polearms       | 2 |  2.8
Dodging        | |  2.6
Unarmed Combat | |  3.2
Spellcasting   | |  2.0

Action                   |  1- 3 |  4- 6 || total
-------------------------+-------+-------++-------
Melee: Unarmed           |    87 |    41 ||   128
       Headbutt          |    13 |     8 ||    21
       Dagger            |    26 |       ||    26
       Spear             |       |    37 ||    37
 Cast: Beastly Appendage |    26 |    12 ||    38
  Use: Scroll            |     3 |       ||     3
       Potion            |     1 |       ||     1
 Stab: Sleeping          |       |     1 ||     1
Armor: Robe              |    39 |    10 ||    49
       Ring mail         |       |    21 ||    21
Dodge: Dodged            |    74 |    46 ||   120

Table legend: (Time is in decaauts)
 A = Elapsed time spent in this place.
 B = Non-inter-level travel time spent in this place.
 C = Inter-level travel time spent in this place.
 D = Time resting spent in this place.
 E = Time spent auto-exploring this place.
 F = Levels seen in this place.
 G = Mean time per level.
                   A        B        C        D        E       F      G
               +--------+--------+--------+--------+--------+-----+--------+
         Total |   3903 |   3749 |    154 |   1957 |   1129 |   3 | 1301.0 |
       Dungeon |   3903 |   3749 |    154 |   1957 |   1129 |   3 | 1301.0 |
               +--------+--------+--------+--------+--------+-----+--------+

Top non-repeatable levels by time:
     D:2: 2052 daAuts
     D:1: 1710 daAuts
     D:3: 140 daAuts
